RL
DELMONT MINERS @ CHESAPEAKE MALLARDS
05/08/2060
 
TOP OF THE 1ST
Delmont Miners batting - Pitching for Chesapeake Mallards : LHP Latif Williamson
Pitching: LHP Latif Williamson
Batting: RHB Joseph Offermann 0-0: Ball
1-0: Ball
2-0: Foul Ball, location: 2F
2-1: Foul Ball, location: 2F
2-2: Strikes out swinging
Batting: RHB Jeremy Henn 0-0: Ball
1-0: Ball
2-0: Ball
3-0: Base on Balls
Batting: RHB Henry Lennox 0-0: Ball
1-0: Ball
2-0: Ball
3-0: Called Strike
3-1: Swinging Strike
3-2: Foul Ball, location: 2F
3-2: Strikes out looking
Batting: RHB Jeremy Goodson 0-0: Ball
1-0: Called Strike
1-1: Ball
2-1: Foul Ball, location: 2F
2-2: Foul Ball, location: 2F
2-2: Strikes out swinging
Top of the 1st over - 0 runs, 0 hits, 0 errors, 1 left on base; Delmont 0 - Chesapeake 0
BOTTOM OF THE 1ST
Chesapeake Mallards batting - Pitching for Delmont Miners : LHP C.C. Mccarthy
Pitching: LHP C.C. Mccarthy
Batting: RHB Justin Reaves 0-0: Foul Ball, location: 2F
0-1: Foul Ball, location: 2F
0-2: Ball
1-2: Ball
2-2: SINGLE (Line Drive, 6MD, EV 103.1 MPH)
Batting: RHB Elias Howard 0-0: Ball
Justin Reaves is caught stealing 2nd base 2-4
1-0: Called Strike
1-1: Ball
2-1: Ball
3-1: SINGLE (Groundball, 5S, EV 67.5 MPH) (infield hit)
Batting: RHB Trystan Didkowsky 0-0: Ball
1-0: Ball
2-0: Foul Ball, location: 2F
2-1: Called Strike
Elias Howard is caught stealing 2nd base 2-4
2-2: Ball
3-2: Foul Ball, location: 2F
3-2: Fly out, F8 (Flyball, 8RD, EV 91.2 MPH)
Bottom of the 1st over - 0 runs, 2 hits, 0 errors, 0 left on base; Delmont 0 - Chesapeake 0
TOP OF THE 2ND
Delmont Miners batting - Pitching for Chesapeake Mallards : LHP Latif Williamson
Batting: LHB Griffin Camacho 0-0: Foul Ball, location: 2F
0-1: Called Strike
0-2: Ball
1-2: Fly out, F7 (Flyball, 7LM, EV 81.2 MPH)
Batting: RHB Brooks Hockensmith 0-0: Fly out, F8 (Flyball, 8LM, EV 92.5 MPH)
Batting: SHB Marten Camacho 0-0: Called Strike
0-1: Ball
1-1: Foul Ball, location: 2F
1-2: Strikes out swinging
Top of the 2nd over - 0 runs, 0 hits, 0 errors, 0 left on base; Delmont 0 - Chesapeake 0
BOTTOM OF THE 2ND
Chesapeake Mallards batting - Pitching for Delmont Miners : LHP C.C. Mccarthy
Batting: LHB Justin Rice 0-0: Called Strike
0-1: Foul Ball, location: 2F
0-2: Strikes out swinging
Batting: SHB Bryson Daly 0-0: Ball
1-0: DOUBLE (Line Drive, 78D, EV 106.2 MPH)
Batting: LHB Justin Long 0-0: Ball
1-0: Ball
2-0: Called Strike
2-1: Ball
Wild Pitch!
Bryson Daly to third
3-1: Foul Ball, location: 2F
3-2: Base on Balls
Batting: RHB Mikel Slayden 0-0: Called Strike
0-1: Called Strike
0-2: Grounds into double play, 6-4-3 (Groundball, 6, EV 102.5 MPH)
Bottom of the 2nd over - 0 runs, 1 hit, 0 errors, 1 left on base; Delmont 0 - Chesapeake 0
TOP OF THE 3RD
Delmont Miners batting - Pitching for Chesapeake Mallards : LHP Latif Williamson
Batting: RHB Preston Tedder 0-0: Called Strike
0-1: Foul Ball, location: 2F
0-2: Ball
1-2: Foul Ball, location: 2F
1-2: Reached on error, E4 (Groundball, 4M, EV 100.0 MPH)
Batting: LHB Sam McCarroll 0-0: Ball
1-0: SINGLE (Popup, 56D, EV 56.2 MPH)
Preston Tedder to second
Batting: RHB Joseph Offermann 0-0: Swinging Strike
0-1: Fielders Choice at 2nd, 3-6 (Groundball, 34, EV 86.9 MPH)
Preston Tedder to third
Batting: RHB Jeremy Henn 0-0: Fly out, F9 (Flyball, 89M, EV 89.4 MPH)
Runner from 3rd tags up, OUT at HOME! 9-2
Top of the 3rd over - 0 runs, 1 hit, 1 error, 1 left on base; Delmont 0 - Chesapeake 0
BOTTOM OF THE 3RD
Chesapeake Mallards batting - Pitching for Delmont Miners : LHP C.C. Mccarthy
Batting: LHB Cole Hasten 0-0: Ball
1-0: Ball
2-0: Ball
3-0: Base on Balls
Batting: RHB Cristian Schmidt 0-0: Called Strike
0-1: SINGLE (Groundball, 56S, EV 70.6 MPH) (infield hit)
Cole Hasten to second
Batting: RHB Justin Reaves 0-0: Foul Ball, location: 2F
0-1: Foul Ball, location: 2F
0-2: Ball
1-2: Ball
2-2: Foul Ball, location: 2F
2-2: Ball
3-2: TRIPLE (Line Drive, 89XD, EV 104.4 MPH)
Cole Hasten scores
Cristian Schmidt scores
Batting: RHB Elias Howard 0-0: Called Strike
0-1: Fly out, F8 (Flyball, 78D, EV 104.4 MPH)
Runner from 3rd tags up, OUT at HOME! 8-2
Batting: RHB Trystan Didkowsky 0-0: Ball
1-0: Ball
2-0: Ball
3-0: Called Strike
3-1: Called Strike
3-2: Fly out, F5 (Popup, 56, EV 67.5 MPH)
Bottom of the 3rd over - 2 runs, 2 hits, 0 errors, 0 left on base; Delmont 0 - Chesapeake 2
TOP OF THE 4TH
Delmont Miners batting - Pitching for Chesapeake Mallards : LHP Latif Williamson
Batting: RHB Henry Lennox 0-0: Called Strike
0-1: Ball
1-1: Fly out, F8 (Flyball, 8RD, EV 108.8 MPH)
Batting: RHB Jeremy Goodson 0-0: Ball
1-0: Ball
2-0: Called Strike
2-1: Foul Ball, location: 2F
2-2: SOLO HOME RUN (Line Drive, 8RXD, EV 108.8 MPH), Distance : 455 ft
Batting: LHB Griffin Camacho 0-0: Ball
1-0: Ball
2-0: Foul Ball, location: 2F
2-1: Ball
3-1: Base on Balls
Batting: RHB Brooks Hockensmith 0-0: Called Strike
0-1: Foul Ball, location: 2F
0-2: 2-RUN HOME RUN (Flyball, 7D, EV 93.8 MPH), Distance : 370 ft
Batting: SHB Marten Camacho 0-0: Ball
1-0: Ball
2-0: Ball
3-0: Called Strike
3-1: Foul Ball, location: 2F
3-2: Base on Balls
Batting: RHB Preston Tedder 0-0: Ball
1-0: Ball
2-0: Called Strike
2-1: Ball
3-1: Base on Balls
Marten Camacho to second
Batting: LHB Sam McCarroll 0-0: Called Strike
0-1: Ball
1-1: Ball
2-1: Ball
3-1: DOUBLE (Groundball, 3L, EV 101.2 MPH)
Marten Camacho scores
Preston Tedder to third
Runner from 3rd tries for Home, throw by RF and OUT! 9-4-2
Batting: RHB Joseph Offermann 0-0: Called Strike
0-1: Ball
1-1: Ball
2-1: Fly out, F9 (Flyball, 9D, EV 99.4 MPH)
Top of the 4th over - 4 runs, 3 hits, 0 errors, 1 left on base; Delmont 4 - Chesapeake 2
BOTTOM OF THE 4TH
Chesapeake Mallards batting - Pitching for Delmont Miners : LHP C.C. Mccarthy
Batting: LHB Justin Rice 0-0: Fly out, F9 (Flyball, 9, EV 89.4 MPH)
Batting: SHB Bryson Daly 0-0: SINGLE (Line Drive, 9S, EV 104.4 MPH)
Batting: LHB Justin Long 0-0: Ball
1-0: Called Strike
1-1: Ball
2-1: Foul Ball, location: 2F
2-2: Foul Ball, location: 2F
2-2: Foul Ball, location: 2F
2-2: Ball
3-2: Strikes out swinging
Batting: RHB Mikel Slayden 0-0: DOUBLE (Line Drive, 89D, EV 115.0 MPH)
Bryson Daly to third
Batting: LHB Cole Hasten 0-0: Foul Ball, location: 2F
0-1: Ball
1-1: Fly out, F8 (Flyball, 8LD, EV 105.6 MPH)
Bottom of the 4th over - 0 runs, 2 hits, 0 errors, 2 left on base; Delmont 4 - Chesapeake 2
TOP OF THE 5TH
Delmont Miners batting - Pitching for Chesapeake Mallards : LHP Latif Williamson
Batting: RHB Jeremy Henn 0-0: Ball
1-0: Ball
2-0: Ground out U3 (Groundball, 34, EV 110.6 MPH)
Batting: RHB Henry Lennox 0-0: Ball
1-0: SINGLE (Groundball, 56, EV 98.8 MPH)
Batting: RHB Jeremy Goodson 0-0: Ball
1-0: Ball
Henry Lennox steals 2nd base (no throw)
2-0: Called Strike
2-1: Called Strike
2-2: SINGLE (Groundball, 6MD, EV 94.4 MPH)
Henry Lennox to third
Batting: LHB Griffin Camacho 0-0: Foul Ball, location: 2F
0-1: Foul Ball, location: 2F
0-2: Ball
1-2: SINGLE (Flyball, 3D, EV 91.9 MPH)
Henry Lennox scores
Jeremy Goodson to second
Pitching: RHP Raphael Ita
Batting: RHB Brooks Hockensmith 0-0: Foul Ball, location: 2F
0-1: Ball
1-1: Ball
2-1: Ball
3-1: Base on Balls
Jeremy Goodson to third
Griffin Camacho to second
Batting: SHB Marten Camacho 0-0: Called Strike
0-1: Ball
1-1: Foul Ball, location: 2F
1-2: Strikes out looking
Batting: RHB Preston Tedder 0-0: Called Strike
0-1: Ball
1-1: Ball
2-1: Called Strike
2-2: Strikes out swinging
Top of the 5th over - 1 run, 3 hits, 0 errors, 3 left on base; Delmont 5 - Chesapeake 2
BOTTOM OF THE 5TH
Chesapeake Mallards batting - Pitching for Delmont Miners : LHP C.C. Mccarthy
Batting: RHB Cristian Schmidt 0-0: Ball
1-0: Ball
2-0: SINGLE (Line Drive, 4D, EV 98.1 MPH)
Batting: RHB Justin Reaves 0-0: Fly out, F8 (Flyball, 8LM, EV 96.2 MPH)
Batting: RHB Elias Howard 0-0: Ball
1-0: Ball
2-0: Ball
3-0: Called Strike
3-1: Called Strike
3-2: Strikes out swinging
Batting: RHB Trystan Didkowsky 0-0: Called Strike
0-1: Foul Ball, location: 2F
0-2: Ball
1-2: Strikes out looking
Bottom of the 5th over - 0 runs, 1 hit, 0 errors, 1 left on base; Delmont 5 - Chesapeake 2
TOP OF THE 6TH
Delmont Miners batting - Pitching for Chesapeake Mallards : RHP Raphael Ita
Batting: LHB Sam McCarroll 0-0: Ball
1-0: Ball
2-0: Ball
3-0: Base on Balls
Batting: RHB Joseph Offermann 0-0: Ball
1-0: Bunted foul
1-1: Sac Bunt to 13 - play at first, batter OUT! 1-3
Sam McCarroll to second
Batting: RHB Jeremy Henn 0-0: Ball
Passed Ball!
Sam McCarroll to third
1-0: Ball
2-0: Foul Ball, location: 2F
2-1: SINGLE (Line Drive, 8LS, EV 105.6 MPH)
Sam McCarroll scores
Batting: RHB Henry Lennox 0-0: Ball
1-0: Foul Ball, location: 2F
1-1: Called Strike
1-2: Ball
2-2: Foul Ball, location: 2F
2-2: Foul Ball, location: 2F
2-2: Fielders Choice at 2nd, 4-6 (Groundball, 34, EV 88.8 MPH)
Batting: RHB Jeremy Goodson 0-0: Called Strike
Henry Lennox steals 2nd base (no throw)
0-1: Foul Ball, location: 2F
0-2: Foul Ball, location: 2F
0-2: Ball
1-2: Ball
2-2: Foul Ball, location: 2F
2-2: Strikes out swinging
Top of the 6th over - 1 run, 1 hit, 0 errors, 1 left on base; Delmont 6 - Chesapeake 2
BOTTOM OF THE 6TH
Chesapeake Mallards batting - Pitching for Delmont Miners : LHP C.C. Mccarthy
Batting: LHB Justin Rice 0-0: Ball
1-0: Ball
2-0: Called Strike
2-1: Called Strike
2-2: Fly out, F7 (Flyball, 7, EV 83.8 MPH)
Batting: SHB Bryson Daly 0-0: Swinging Strike
0-1: SINGLE (Groundball, 6MD, EV 99.4 MPH)
Batting: LHB Justin Long 0-0: Called Strike
0-1: Foul Ball, location: 2F
0-2: Ball
1-2: Ball
2-2: Strikes out swinging
Batting: RHB Mikel Slayden 0-0: Ball
1-0: Ball
2-0: Fly out, F9 (Flyball, 89D, EV 73.8 MPH)
Bottom of the 6th over - 0 runs, 1 hit, 0 errors, 1 left on base; Delmont 6 - Chesapeake 2
TOP OF THE 7TH
Delmont Miners batting - Pitching for Chesapeake Mallards : RHP Raphael Ita
Pitching: LHP Keller Pailing
Batting: LHB Griffin Camacho 0-0: Ball
1-0: SINGLE (Flyball, 8LS, EV 96.2 MPH)
Batting: RHB Brooks Hockensmith 0-0: Sac Bunt to P - play at first, batter safe!
Griffin Camacho to second
Batting: SHB Marten Camacho 0-0: Swinging Strike
0-1: Called Strike
0-2: Grounds into double play, 6-4-3 (Groundball, 6, EV 108.1 MPH)
Griffin Camacho to third
Batting: RHB Preston Tedder 0-0: Ball
1-0: Called Strike
1-1: SINGLE (Groundball, 6MD, EV 101.2 MPH)
Griffin Camacho scores
Batting: LHB Sam McCarroll 0-0: Ball
1-0: Ball
2-0: Ground out 4-3 (Groundball, 4, EV 84.4 MPH)
Top of the 7th over - 1 run, 3 hits, 0 errors, 1 left on base; Delmont 7 - Chesapeake 2
BOTTOM OF THE 7TH
Chesapeake Mallards batting - Pitching for Delmont Miners : LHP C.C. Mccarthy
Batting: LHB Cole Hasten 0-0: Ball
1-0: Swinging Strike
1-1: Foul Ball, location: 2F
1-2: Strikes out looking
Batting: RHB Cristian Schmidt 0-0: Ball
1-0: Fly out, F9 (Flyball, 9LD, EV 95.0 MPH)
Batting: RHB Justin Reaves 0-0: Ground out 4-3 (Groundball, 4M, EV 105.6 MPH)
Bottom of the 7th over - 0 runs, 0 hits, 0 errors, 0 left on base; Delmont 7 - Chesapeake 2
TOP OF THE 8TH
Delmont Miners batting - Pitching for Chesapeake Mallards : LHP Keller Pailing
Batting: RHB Joseph Offermann 0-0: Ball
1-0: Ball
2-0: Ball
3-0: Called Strike
3-1: SINGLE (Groundball, 6S, EV 71.9 MPH) (infield hit)
Batting: RHB Jeremy Henn 0-0: Fly out, F8 (Flyball, 78M, EV 81.2 MPH)
Batting: RHB Henry Lennox 0-0: Called Strike
0-1: Ball
1-1: Fly out, F7 (Flyball, 7LMF, EV 90.0 MPH)
Batting: RHB Jeremy Goodson 0-0: Called Strike
Joseph Offermann steals 2nd base
0-1: Ball
1-1: Called Strike
1-2: Ball
2-2: Ball
3-2: Foul Ball, location: 2F
3-2: Foul Ball, location: 2F
3-2: Fly out, F8 (Line Drive, 8LM, EV 97.5 MPH)
Top of the 8th over - 0 runs, 1 hit, 0 errors, 1 left on base; Delmont 7 - Chesapeake 2
BOTTOM OF THE 8TH
Chesapeake Mallards batting - Pitching for Delmont Miners : LHP C.C. Mccarthy
Batting: RHB Elias Howard 0-0: Ball
1-0: Ball
2-0: TRIPLE (Flyball, 78XD, EV 106.2 MPH)
Batting: RHB Trystan Didkowsky 0-0: Swinging Strike
0-1: Foul Ball, location: 2F
0-2: Ball
1-2: Ball
2-2: Strikes out swinging
Pitching: RHP Lambert Gibbs
Batting: LHB Justin Rice 0-0: Ball
1-0: Called Strike
1-1: Called Strike
1-2: Ball
2-2: Ball
3-2: Base on Balls
Batting: SHB Bryson Daly 0-0: Ball
1-0: Ball
2-0: Ball
3-0: Called Strike
3-1: Swinging Strike
3-2: Strikes out swinging
Batting: LHB Justin Long 0-0: Called Strike
0-1: Ball
1-1: Called Strike
1-2: Ball
2-2: Fly out, F7 (Flyball, 7LD, EV 101.9 MPH)
Bottom of the 8th over - 0 runs, 1 hit, 0 errors, 2 left on base; Delmont 7 - Chesapeake 2
TOP OF THE 9TH
Delmont Miners batting - Pitching for Chesapeake Mallards : LHP Keller Pailing
Pitching: RHP Bret Reyes
Batting: LHB Griffin Camacho 0-0: Called Strike
0-1: Ball
1-1: Swinging Strike
1-2: Foul Ball, location: 2F
1-2: Ball
2-2: Ball
3-2: Strikes out looking
Batting: RHB Brooks Hockensmith 0-0: Ball
1-0: Foul Ball, location: 2F
1-1: Foul Ball, location: 2F
1-2: Fly out, F9 (Flyball, 89D, EV 80.6 MPH)
Batting: SHB Marten Camacho 0-0: Ball
1-0: SINGLE (Line Drive, 56, EV 95.6 MPH)
Batting: RHB Preston Tedder 0-0: Called Strike
0-1: Ball
1-1: Swinging Strike
1-2: Strikes out looking
Top of the 9th over - 0 runs, 1 hit, 0 errors, 1 left on base; Delmont 7 - Chesapeake 2
BOTTOM OF THE 9TH
Chesapeake Mallards batting - Pitching for Delmont Miners : RHP Lambert Gibbs
Batting: RHB Mikel Slayden 0-0: Called Strike
0-1: Foul Ball, location: 2F
0-2: Foul Ball, location: 2F
0-2: Foul Ball, location: 2F
0-2: Strikes out swinging
Batting: LHB Cole Hasten 0-0: Called Strike
0-1: Ball
1-1: Foul Ball, location: 2F
1-2: Strikes out looking
Batting: RHB Cristian Schmidt 0-0: Ball
1-0: Foul Ball, location: 2F
1-1: Ball
2-1: SINGLE (Groundball, 5S, EV 65.6 MPH) (infield hit)
Pitching: RHP Dylen Mair
Batting: RHB Justin Reaves 0-0: Ball
1-0: Called Strike
1-1: Swinging Strike
1-2: Strikes out swinging
Bottom of the 9th over - 0 runs, 1 hit, 0 errors, 1 left on base; Delmont 7 - Chesapeake 2
Monday, April 29th , 2024 - OOTP Baseball 23.10 Build 110